 Dungeon Crawl Stone Soup version 0.22-a0-769-g178e55541d (webtiles) character file.

45 Htamos the Cutter (level 3, 0/24 HPs)
             Began as a Kobold Berserker on July 17, 2018.
             Was a Believer of Trog.
             Killed from afar by Sigmund (10 damage)
             ... with a magic dart
             ... on level 2 of the Dungeon.
             The game lasted 00:02:51 (1642 turns).

Htamos the Cutter (Kobold Berserker)                Turns: 1642, Time: 00:02:51

Health: 0/24       AC:  4    Str: 14    XL:     3   Next: 90%
Magic:  3/3        EV: 15    Int:  8    God:    Trog [**....]
Gold:   38         SH:  0    Dex: 15    Spells: 2/2 levels left

rFire    . . .     SeeInvis .   k - +2 whip (venom)
rCold    . . .     Gourm    .   (shield restricted)
rNeg     . . .     Faith    .   b - +0 animal skin
rPois    .         Spirit   .   (no helmet)
rElec    .         Reflect  .   o - +1 cloak
rCorr    .         Harm     .   (no gloves)
MR       .....                  (no boots)
Stlth    +.........             (no amulet)
HPRegen  0.08/turn              (no ring)
MPRegen  0.08/turn              (no ring)

@: no status effects
A: small, carnivore
a: Berserk, Trog's Hand, Renounce Religion


You were on level 2 of the Dungeon.
You worshipped Trog.
Trog was pleased with you.
You were completely stuffed.

You visited 1 branch of the dungeon, and saw 2 of its levels.

You collected 38 gold pieces.

Inventory:

Hand Weapons
 a - a +0 short sword
 d - a +0 short sword
 k - a +2 whip of venom (weapon)
Missiles
 m - 18 poisoned needles
Armour
 b - a +0 animal skin (worn)
 o - a +1 cloak (worn)
Scrolls
 e - a scroll of random uselessness {unknown}
 f - a scroll of noise {unknown}
 h - 2 scrolls of enchant weapon {unknown}
 i - a scroll of blinking {unknown}
 j - a scroll of amnesia {unknown}
 p - a scroll of fear {unknown}
Potions
 g - 3 potions of heal wounds {unknown}
 l - 2 potions of haste {unknown}
Comestibles
 c - 2 rations


   Skills:
 + Level 4.1 Fighting
 + Level 5.0 Short Blades
 - Level 1.6 Armour
 - Level 2.5 Dodging


You had 2 spell levels left.
You didn't know any spells.
Your spell library was empty.

Dungeon Overview and Level Annotations

Branches:
Dungeon (2/15)

Altars:

Annotations:
D:2 Sigmund


Innate Abilities, Weirdness & Mutations

You are small and have problems with some larger weapons.
You are carnivorous and can eat meat at any time.


Message History

No target in view!
The kobold is too close now for your liking.
Sigmund the Dreaded comes into view.
He is wielding a scythe.
Found a stone staircase leading down.
Sigmund shouts!
Sigmund hits you with a scythe!
Ouch! That really hurt!
* * * LOW HITPOINT WARNING * * *
You are too injured to fight recklessly!
You are too injured to fight recklessly!
You barely miss Sigmund. Sigmund misses you.
A dart slug comes into view.
You closely miss Sigmund.
Sigmund points at you and mumbles some strange words.
You resist with significant effort.
You barely miss Sigmund.
Sigmund says, "Look into my eyes."
Sigmund points at you and mumbles some strange words.
The magic dart hits you!
You die...

.... #.# .... .....
#.# .. ..w. .....##.#
... ###.###.##..#.#
....#.....#.# #.#.#
....#.....#.###...#
....>......##..)#####
#K@...#..##.......#
#..@..#......(###.#
...###.###..###..###.#
#.........###.[.....#
..'....#.####
#..>##### ..######..
#.#.# ## #### #.#.# #.
#.#.#####.
####.#.#.....
#....#.#.###.


You could see Sigmund, a dart slug and a kobold.

Vanquished Creatures
  An ooze (D:1)
  2 worms (D:2)
  2 dart slugs
  4 bats
  A giant cockroach (D:1)
  4 goblins
  3 hobgoblins (D:1)
  2 kobolds (D:1)
  A quokka (D:2)
  2 ball pythons
  4 frilled lizards
  6 rats
32 creatures vanquished.

Notes
Turn   | Place    | Note
-------+----------+-------------------------------------------
     0 | D:1      | Htamos the Kobold Berserker began the quest for the Orb.
     0 | D:1      | Reached XP level 1. HP: 14/14 MP: 1/1
   152 | D:1      | Reached XP level 2. HP: 19/19 MP: 2/2
   867 | D:1      | Reached XP level 3. HP: 24/24 MP: 3/3
  1402 | D:2      | Reached ** piety under Trog
  1463 | D:2      | Reached skill level 5 in Short Blades
  1637 | D:2      | Noticed Sigmund
  1642 | D:2      | Killed from afar by Sigmund

Vault maps used:
D:1:      tarquinn_simple_flora_water_a, serial_bayou_lagoon_a,
          kennysheep_another_room
D:2:      st_stairs_3, uniq_sigmund

Skill      XL: |  1  2  3 |
---------------+----------+-----
Fighting       | 4 |  4.1
Short Blades   | 5 |  5.0
Armour         | |  1.6
Dodging        | |  2.5

Action                   || total
-------------------------++-------
Melee: Short sword       ||    47
       Whip              ||    30
Invok: Berserk           ||     2
  Eat: Chunk             ||    13
Armor: Animal skin       ||    16
Dodge: Dodged            ||    47

Table legend:
 A = Spawn XP
 B = Non-spawn XP
 C = Spawn XP percentage of total XP
 D = Spawn monster count
 E = Non-spawn monster count
 F = Spawn count percentage of total count
 G = Total turns spent on level
                    A         B        C        D         E        F      G
               +---------+---------+-------+---------+---------+-------+---------
         Total |       0 |      65 |   0.0 |       0 |      32 |   0.0 |  1642
               +---------+---------+-------+---------+---------+-------+---------
           D:1 |       0 |      36 |   0.0 |       0 |      19 |   0.0 |  1135
           D:2 |       0 |      29 |   0.0 |       0 |      13 |   0.0 |   507
               +---------+---------+-------+---------+---------+-------+---------
